 Dungeon Crawl Stone Soup version 0.31-a0-18-gea43df2a32 (webtiles) character file.

Game seed: 7088612073808056194

69 bande the Shield-Bearer (level 4, -1/43 HPs)
             Began as a Gargoyle Fighter on May 10, 2023.
             Slain by a gnoll
             ... wielding a +0 spear
              (3 damage)
             ... on level 2 of the Dungeon.
             The game lasted 00:02:07 (873 turns).

bande the Shield-Bearer (Gargoyle Fighter)           Turns: 873, Time: 00:02:07

Health: -1/43      AC: 22    Str: 20    XL:     4   Next: 20%
Magic:  4/4        EV:  2    Int:  8    God:
Gold:   81         SH:  5    Dex: 17    Spells: 1/3 levels left

rFire   . . .        a - +0 war axe
rCold   . . .        c - +0 buckler
rNeg    + . .        b - melded +0 scale mail
rPois   ∞            (helmet currently unavailable)
rElec   .            (cloak currently unavailable)
rCorr   .            (gloves currently unavailable)
SInv    .            (boots currently unavailable)
Will    .....        (no amulet)
Stlth   ++           g - +6 ring of dexterity
HPRegen 0.27/turn    f - +4 ring of slaying
MPRegen 0.09/turn

%: no passive effects
@: brilliant, tree-form (expiring)
A: stationary, stasis, torment immunity, boosted hp, sickness immunity, AC +3,
negative energy resistance 1, (electricity resistance), torment resistance 1,
petrification resistance
a: no special abilities


You were on level 2 of the Dungeon.
You were a tree.
You visited 1 branch of the dungeon, and saw 2 of its levels.

You collected 81 gold pieces.

Inventory:

Hand Weapons
 a - a +0 war axe (weapon)
Armour
 b - a +0 scale mail (melded)
 c - a +0 buckler (worn)
 h - an orb of light
Jewellery
 f - a +4 ring of slaying (right branch)
 g - a +6 ring of dexterity (left branch)
 n - an amulet of the acrobat
Scrolls
 e - a scroll of fear {unknown}
 i - 2 scrolls of teleportation {unknown}
 k - a scroll of acquirement {unknown}
 l - a scroll of enchant armour {unknown}
 m - a scroll of identify {unknown}
Potions
 d - a potion of might


   Skills:
 + Level 3.6 Fighting
 + Level 2.7 Axes
 + Level 3.7 Armour
 + Level 3.8 Shields
 * Level 0.7 Translocations


You had one spell level left.
You knew the following spells:

 Your Spells              Type           Power      Damage    Failure   Level
a - Blink                 Tloc           2%         N/A       52%         2

Your spell library contained the following spells:

 Spells                   Type           Power      Damage    Failure   Level
 Summon Small Mammal      Summ           0%         N/A       47%         1
 Call Canine Familiar     Summ           0%         N/A       85%         3
 Summon Guardian Golem    Hex/Summ       0%         N/A       85%         3
 Manifold Assault         Tloc           1%         N/A       99%         4
 Storm Form               Tmut/Air       0%         N/A       100%        7


Dungeon Overview and Level Annotations

Branches:
Dungeon (2/15)

Altars:


Innate Abilities, Weirdness & Mutations

You are a tree.
Your roots penetrate the ground, keeping you stationary.
You cannot be teleported.
You are immune to unholy pain and torment.
Your maximum health is greatly increased.
Your equipment is partially melded.
You are immune to sickness and miasma.
((Your stone body is resilient. (AC +3)))
You are immune to poison.
You resist negative energy. (rN+)
((You are resistant to electric shocks. (rElec)))
You are resistant to unholy torment.
You are immune to petrification.


Message History

The gnoll hits you but does no damage. The gnoll hits you but does no damage.
The ball python bites you but does no damage.
The ball python grabs you. The ball python constricts you.
The gnoll hits you but does no damage.
You slash the ball python!
You kill the ball python!
The gnoll hits you but does no damage. The gnoll completely misses you.
The gnoll barely misses you. You block the gnoll's attack.
You block the gnoll's attack. The gnoll barely misses you.
The gnoll hits you but does no damage. The gnoll hits you but does no damage.
The gnoll hits you but does no damage. The gnoll hits you but does no damage.
The gnoll hits you from afar with a +0 spear.
* * * LOW HITPOINT WARNING * * *
You block the gnoll's attack.
The gnoll hits you from afar with a +0 spear.
* * * LOW HITPOINT WARNING * * *
The gnoll hits you but does no damage. You block the gnoll's attack.
You block the gnoll's attack. The gnoll barely misses you.
You barely miss the gnoll. You block the gnoll's attack.
The gnoll hits you but does no damage.
You slash the gnoll!
The gnoll is almost dead.
The gnoll hits you but does no damage. x3; You block the gnoll's attack.
You hit the gnoll.
You kill the gnoll!
The gnoll hits you but does no damage.
The gnoll hits you from afar with a +0 spear.
* * * LOW HITPOINT WARNING * * *
Your transformation is almost over.
You block the gnoll's attack.
The gnoll hits you from afar with a +0 spear.
You die...

#.##.##.#...# #..
#.......####. #(.
###.##### ## #...####
#.†....# # #
##...#...#####..###.#.
...).. #....##..###.#..
......###.........>....
.......#....##...##.#.
#?)♣#####...##.#
#g###......>...# #.
#.##.......# g.
#....##.# .r.
#....##.### ....
#.........### .....
#.#..##.#.#.# .###.#
......##.#..#.
.#.......#.#†#


You could see a gnoll.

Vanquished Creatures
  2 gnolls (D:2)
  An adder (D:2)
  3 ball pythons
  6 endoplasms (D:1)
  2 giant cockroaches (D:1)
  2 goblins (D:1)
  A hobgoblin (D:2)
  A quokka (D:1)
  7 bats (D:1)
  7 kobolds (D:1)
  6 rats
38 creatures vanquished.

Notes
Turn   | Place    | Note
-------+----------+-------------------------------------------
     0 | D:1      | bande the Gargoyle Fighter began the quest for the Orb.
     0 | D:1      | Reached XP level 1. HP: 14/14 MP: 1/1
   104 | D:1      | Reached XP level 2. HP: 19/19 MP: 2/2
   237 | D:1      | Reached XP level 3. HP: 16/23 MP: 3/3
   459 | D:1      | Learned a level 2 spell: Blink
   838 | D:2      | Reached XP level 4. HP: 4/29 MP: 4/4
   860 | D:2      | HP: 1/43 [gnoll/+0 spear (5)]
   871 | D:2      | HP: 1/43 [gnoll/+0 spear (3)]
   873 | D:2      | Slain by a gnoll

Illustrated notes

Levels and vault maps discovered:
D:1:      dpeg_arrival_tiny_c, layout_rooms, minmay_misc_feat_encased,
          hex_medium, chequers_serial_rivers_micro_b
D:2:      layout_loops_cross, minmay_misc_feat_secret_circle, uniq_natasha,
          uniq_jessica

Skill      XL: |  1  2 |
---------------+-------+-----
Axes           | 2 |  2.7
Fighting       | |  3.6
Armour         | |  3.7
Shields        | |  3.8
Translocations | |  0.7

Action                     |  1- 3 |  4- 6 || total
---------------------------+-------+-------++-------
  Melee: War axe           |    72 |     4 ||    76
    Use: Potion            |       |     2 ||     2
 Armour: Scale mail        |    45 |       ||    45
         Skin              |       |    17 ||    17
  Dodge: Dodged            |    41 |     6 ||    47
  Block: Buckler           |    21 |    10 ||    31

Table legend: (Time is in decaauts)
 A = Elapsed time spent in this place.
 B = Non-inter-level travel time spent in this place.
 C = Inter-level travel time spent in this place.
 D = Time resting spent in this place.
 E = Time spent auto-exploring this place.
 F = Levels seen in this place.
 G = Mean time per level.
                   A        B        C        D        E       F      G
               +--------+--------+--------+--------+--------+-----+--------+
         Total |    904 |    864 |     40 |    141 |    480 |   2 |  452.0 |
       Dungeon |    904 |    864 |     40 |    141 |    480 |   2 |  452.0 |
               +--------+--------+--------+--------+--------+-----+--------+

Top non-repeatable levels by time:
     D:1: 755 daAuts
     D:2: 148 daAuts
